 Dungeon Crawl Stone Soup version 0.29.1-1-gd02db6906a (webtiles) character file.

Game seed: 8881922470556447209

2364 MrElixer the Trooper (level 9, -5/79 HPs)
             Began as a Minotaur Abyssal Knight on Sept 25, 2022.
             Was an Elder of Lugonu.
             Slain by an orc warrior
             ... wielding a +0 war axe
              (14 damage)
             ... in a bailey.
             The game lasted 00:40:05 (7672 turns).

MrElixer the Trooper (Minotaur Abyssal Knight)      Turns: 7672, Time: 00:40:06

Health: -5/79      AC: 22    Str: 31    XL:     9   Next: 21%
Magic:  6/11       EV: 10    Int: 16    God:    Lugonu [****..]
Gold:   63         SH:  5    Dex:  8    Spells: 6/8 levels left

rFire   . . .      SeeInvis .   l - +0 mace (protect)
rCold   . . .      Faith    .   m - orb {mayhem}
rNeg    . . .      Spirit   .   t - +0 chain mail
rPois   .          Reflect  +   (helmet unavailable)
rElec   .          Harm     .   n - +0 cloak
rCorr   .          Rampage  .   (no gloves)
Will    .....      Clarity  +   k - +2 pair of boots
Stlth   ..........              B - amulet of the Endless Expanse {Reflect Int+3 SH+5}
HPRegen 0.23/turn               h - ring of wizardry
MPRegen 0.12/turn               q - +6 ring of strength

@: under a protective aura
A: horns 3, retaliatory headbutt, clarity, clever 1, strong 2
a: Renounce Religion, Depart the Abyss, Bend Space, Banish, Corrupt


You were in a bailey.
You worshipped Lugonu.
Lugonu was greatly pleased with you.
You visited 1 branch of the dungeon, and saw 7 of its levels.
You visited the Abyss 1 time.
You also visited: Bailey.

You collected 375 gold pieces.
You spent 312 gold pieces at shops.

Inventory:

Hand Weapons
 a - a +1 falchion
 d - a +0 short sword
 e - a +0 whip of electrocution
 j - a +4 hand axe
 l - a +0 mace of protection (weapon)
 s - a +0 longbow
 x - a +2 whip of draining
 I - a +3 short sword
 J - a +0 short sword
Missiles
 f - 16 boomerangs
 H - 5 silver javelins
Armour
 b - a +0 leather armour
 g - a +0 pair of boots
 i - a +0 leather armour
 k - a +2 pair of boots (worn)
 m - an orb of mayhem (worn)
 n - a +0 cloak (worn)
 o - a +0 ring mail
 t - a +0 chain mail (worn)
 v - a +0 scale mail
Jewellery
 h - a ring of wizardry (left hand)
 q - a +6 ring of strength (right hand)
 B - the amulet of the Endless Expanse (around neck) {Reflect Int+3 SH+5}
   (You found it on level 6 of the Dungeon)

   [amulet of reflection]

   It reflects blocked missile attacks.
   Int:       It affects your intelligence (+3).
   SH:        It affects your SH (+5).
Wands
 C - a wand of roots (6)
Scrolls
 c - a scroll of poison
 u - 2 scrolls of fear
 y - 2 scrolls of identify
 A - 2 scrolls of teleportation
 D - 2 scrolls of enchant weapon {unknown}
 E - 2 scrolls of blinking
Potions
 p - 3 potions of lignification
 r - 3 potions of attraction
 w - a potion of curing
 z - a potion of resistance
 F - a potion of heal wounds {unknown}
 G - a potion of invisibility {unknown}


   Skills:
 + Level 7.4 Fighting
 - Level 3.9 Long Blades
 + Level 7.1 Maces & Flails
 + Level 6.8 Armour
 + Level 5.5 Dodging
 - Level 0.1 Stealth
 + Level 5.2 Invocations


You had 6 spell levels left.
You knew the following spells:

 Your Spells              Type           Power      Damage    Failure   Level
a - Apportation           Tloc           0%         N/A       38%         1
b - Necrotise             Necr           0%         1d4       38%         1

Your spell library contained the following spells:

 Spells                   Type           Power      Damage    Failure   Level
 Dazzling Flash           Conj/Hex       0%         N/A       75%         3
 Vampiric Draining        Necr           0%         2d6       75%         3
 Iskenderun's Mystic Bla  Conj/Tloc      0%         2d3       98%         4
 Agony                    Necr           0%         N/A       100%        5
 Alistair's Intoxication  Tmut/Pois      0%         N/A       100%        5
 Starburst                Conj/Fire      0%         6d3       100%        6


Dungeon Overview and Level Annotations

Branches:
Dungeon (7/15)             Temple (0/1) D:5          Bailey (1/1)

Altars:
Ashenzari
Zin

Shops:
D:2 =   D:5 *   D:6 *


Innate Abilities, Weirdness & Mutations

You have a pair of large horns on your head.
You reflexively headbutt those who attack you in melee.
You possess an exceptional clarity of mind.
Your mind is acute. (Int +4, Str/Dex -1)
Your muscles are very strong. (Str +8, Int/Dex -2)


Message History

Your weapon exudes an aura of protection.
You kill the orc!
Lugonu accepts your kill.
An orc warrior comes into view.
It is wielding a +0 war axe and wearing a +1 plate armour of willpower.
The orc warrior shouts!
The orc hits you but does no damage.
Things that are here:
a +0 hand axe; a +0 leather armour You hit the orc.
The orc is heavily wounded.
The orc misses you. You furiously retaliate!
You headbutt the orc.
You kill the orc!
Lugonu accepts your kill. You block the kobold's attack.
Things that are here:
a +0 hand axe; a +0 leather armour; an orc corpse You hit the kobold.
You kill the kobold!
Lugonu accepts your kill.
You hit the orc warrior but do no damage.
Your headbutt misses the orc warrior.
The orc warrior hits you with a +0 war axe.
Your magical contamination has completely faded away.
You closely miss the orc warrior.
The orc warrior hits you with a +0 war axe!
You sock the orc warrior! You headbutt the orc warrior!
You kill the orc warrior!
Lugonu accepts your kill.
The orc warrior flies into a frenzy!
The orc warrior hits the goblin with a +0 war axe!
The goblin dies!
Lugonu accepts your kill.
You closely miss the orc warrior.
The orc warrior hits you with a +0 war axe!
The orc warrior hits you with a +0 war axe!!
* * * LOW HITPOINT WARNING * * *
Things that are here:
a +0 hand axe; a +0 leather armour The orc warrior hits you with a +0 war axe!
You die...

####.............#
###........≈≈≈≈≈≈≈≈≈#
##.......≈≈≈≈≈≈≈≈≈≈≈≈≈≈
##....)..≈≈≈≈#########≈≈≈
###....)≈≈≈≈≈≈K#.oK!...#K≈≈
#≈≈≈≈≈≈≈~≈≈.####.......#
≈≈≈≈≈≈≈†....#..####'####
####......###..o)).)..^.
###.....#('.@####'####
##.......###..#
#.....⌠..).#..#
##.........#)##
##........((.#
####......(......
#############.


You could see a neutral orc warrior (fast, strong, insane).

Vanquished Creatures
  2 water moccasins (D:5)
  2 ice beasts (D:6)
  4 orc warriors
  2 phantoms
  A kobold brigand (D:7)
  2 bullfrogs
  3 wights (D:7)
  2 jellies
  2 hounds (D:5)
  2 orc priests
  3 iguanas
  2 orc wizards
  Robin (D:3)
  4 gnolls
  5 adders
  A white imp (D:6)
  5 dart slugs (D:1)
  18 orcs
  2 ball pythons
  5 endoplasms
  3 giant cockroaches (D:1)
  8 hobgoblins
  3 jackals (D:1)
  10 quokkas
  9 bats
  3 frilled lizards
  13 goblins
  20 kobolds
  2 rats
139 creatures vanquished.

Vanquished Creatures (collateral kills)
  An orc warrior (Bailey)
  A kobold brigand (D:7)
  An orc priest (D:6)
  An orc wizard (D:6)
  2 orcs (D:7)
  A ball python (D:3)
  4 goblins
  7 kobolds
18 creatures vanquished.

Vanquished Creatures (others)
  A bullfrog (D:7)
  An orc wizard (D:4)
  An orc (D:4)
  A goblin (D:3)
4 creatures vanquished.

Grand Total: 161 creatures vanquished

Notes
Turn   | Place    | Note
-------+----------+-------------------------------------------
     0 | Abyss:1  | MrElixer the Minotaur Abyssal Knight began the quest for
                  | the Orb.
     0 | Abyss:1  | Reached XP level 1. HP: 19/19 MP: 1/1
     0 | D:1      | Escaped the Abyss
   157 | D:1      | Reached XP level 2. HP: 27/27 MP: 2/2
   569 | D:2      | Found Fiutuane's Jewellery Boutique.
   665 | D:1      | Reached XP level 3. HP: 33/33 MP: 3/3
  1715 | D:2      | Found a faded altar of an unknown god.
  1766 | D:2      | Found a broken altar of Ashenzari.
  1827 | D:2      | Gained mutation: You have large cloven feet. [potion of
                  | mutation]
  1954 | D:2      | Lost mutation: You have large cloven feet. [potion of
                  | mutation]
  1954 | D:2      | Gained mutation: You have hidden genetic potential. [potion
                  | of mutation]
  1954 | D:2      | Gained mutation: You have a pair of large horns on your
                  | head. [potion of mutation]
  1954 | D:2      | Gained mutation: You possess an exceptional clarity of
                  | mind. [potion of mutation]
  1954 | D:2      | Gained mutation: Your mind is acute. (Int +4, Str/Dex -1)
                  | [potion of mutation]
  2648 | D:3      | Reached *** piety under Lugonu
  2658 | D:3      | Reached XP level 4. HP: 41/41 MP: 4/4
  2693 | D:3      | Noticed Robin
  2706 | D:3      | Learned a level 1 spell: Apportation
  2716 | D:3      | Killed Robin
  2800 | D:3      | Gained mutation: Your muscles are strong. (Str +4, Int/Dex
                  | -1) [hidden potential]
  2801 | D:3      | Reached skill level 1 in Maces & Flails
  3069 | D:3      | Reached XP level 5. HP: 47/47 MP: 5/5
  3120 | D:3      | Gained mutation: Your muscles are very strong. (Str +8,
                  | Int/Dex -2) [hidden potential]
  3120 | D:3      | Lost mutation: You have hidden genetic potential. [hidden
                  | potential expressed]
  4015 | D:3      | Found a glowing silver altar of Zin.
  4183 | D:4      | Noticed a phantom
  4190 | D:4      | Killed a phantom
  4191 | D:4      | Reached XP level 6. HP: 52/55 MP: 6/6
  4768 | D:4      | Reached skill level 5 in Fighting
  4895 | D:5      | Entered Level 5 of the Dungeon
  5117 | D:5      | Found Foxyucza's Gadget Gallery.
  5179 | D:5      | Reached XP level 7. HP: 61/61 MP: 3/8
  5355 | D:5      | Reached skill level 5 in Maces & Flails
  5471 | D:5      | Reached skill level 5 in Armour
  5476 | D:5      | Found a staircase to the Ecumenical Temple.
  5659 | D:6      | Reached XP level 8. HP: 70/70 MP: 9/9
  6152 | D:6      | Found Wehu Kuz's Blasphemy Boutique.
  6312 | D:6      | Bought a book of Necromancy for 312 gold pieces
  6767 | D:6      | Identified the amulet of the Endless Expanse {Reflect Int+3
                  | SH+5}
  6784 | D:6      | Learned a level 1 spell: Necrotise
  7120 | D:7      | Found a flagged portal.
  7357 | D:7      | Reached **** piety under Lugonu
  7366 | D:7      | Reached skill level 5 in Dodging
  7564 | Bailey   | Entered a bailey
  7589 | Bailey   | Reached XP level 9. HP: 75/79 MP: 11/11
  7595 | Bailey   | Reached skill level 5 in Invocations
  7672 | Bailey   | Slain by an orc warrior

Illustrated notes

Levels and vault maps discovered:
D:1:      dpeg_arrival_arbitrary_a, layout_basic
D:2:      layout_basic, serial_shops,
          nicolae_shop_temple_entry_statues_fountains, basic_altar,
          ebering_ecumenical_altar_mist
D:3:      layout_loops_ring, zin_scriptorium, uniq_robin
D:4:      layout_cave_pods
D:5:      layout_basic, temple_fountains, nicolae_shop_gadgets
D:6:      layout_rooms, nicolae_evil_shop
D:7:      layout_rooms, grunt_gozag_statues, enter_bailey_5,
          uniq_prince_ribbit1, uniq_pikel
Bailey:   bailey_axe_4, bailey

Skill      XL: |  1  2  3  4  5  6  7  8  9 |
---------------+----------------------------+-----
Fighting       | 4 5 6 7 |  7.4
Long Blades    | 3 |  3.9
Invocations    | 2 3 4 5 |  5.2
Armour         | 3 4 5 6 |  6.8
Maces & Flails | 2 4 5 6 7 |  7.1
Dodging        | 2 3 5 |  5.5
Stealth        | |  0.1

Action                   |  1- 3 |  4- 6 |  7- 9 || total
-------------------------+-------+-------+-------++-------
Melee: Falchion          |    97 |    37 |       ||   134
       Headbutt          |    11 |    15 |    21 ||    47
       Mace              |       |   119 |   140 ||   259
Throw: Boomerang         |     2 |     5 |       ||     7
 Cast: Necrotise         |       |       |    11 ||    11
Invok: Depart the Abyss  |     1 |       |       ||     1
       Bend Space        |     1 |       |       ||     1
       Banish            |       |     3 |     3 ||     6
  Use: Scroll            |     8 |     1 |       ||     9
       Potion            |     5 |     4 |       ||     9
Armor: Leather armour    |    34 |       |       ||    34
       Ring mail         |    11 |    85 |       ||    96
       Chain mail        |       |    17 |    71 ||    88
       Skin              |       |     1 |       ||     1
Dodge: Dodged            |    62 |    96 |    63 ||   221
Block: Orb               |       |       |    24 ||    24
       Reflection        |       |       |     8 ||     8
